 Dungeon Crawl Stone Soup version 0.28-a0-803-g74956062c1 (webtiles) character file.

Game seed: 2876081501100238685

377 Gargoyl the Skirmisher (level 6, 0/53 HPs)
             Began as a Gnoll Abyssal Knight on Nov 7, 2021.
             Was a Priest of Lugonu.
             Slain by an iguana (8 damage)
             ... on level 4 of the Dungeon.
             The game lasted 00:04:01 (4373 turns).

Gargoyl the Skirmisher (Gnoll Abyssal Knight)       Turns: 4373, Time: 00:04:02

Health: 0/53       AC: 13    Str: 14    XL:     6   Next: 73%
Magic:  9/9        EV: 20    Int: 10    God:    Lugonu [***...]
Gold:   133        SH:  0    Dex: 12    Spells: 9/9 levels left

rFire   . . .      SeeInvis .   a - +3 hand axe
rCold   . . .      Faith    .   (no shield)
rNeg    . . .      Spirit   .   e - +0 plate armour
rPois   .          Reflect  .   (no helmet)
rElec   .          Harm     .   (no cloak)
rCorr   .          Rampage  .   j - +0 pair of gloves
Will    .....                   (no boots)
Stlth   ..........              b - amulet of the acrobat
HPRegen 0.17/turn               (no ring)
MPRegen 0.11/turn               (no ring)

@: acrobatic
A: fangs 1, strong nose, distributed training
a: Renounce Religion, Depart the Abyss, Bend Space, Banish


You were on level 4 of the Dungeon.
You worshipped Lugonu.
Lugonu was most pleased with you.
You visited 1 branch of the dungeon, and saw 4 of its levels.
You visited the Abyss 1 time.

You collected 133 gold pieces.

Inventory:

Hand Weapons
 a - a +3 hand axe (weapon)
 g - a +1 trident of protection
Missiles
 d - 18 poisoned darts (quivered)
Armour
 e - a +0 plate armour (worn)
 j - a +0 pair of gloves (worn)
Jewellery
 b - an amulet of the acrobat (around neck)
Scrolls
 k - a scroll of fear
Potions
 c - a potion of degeneration {unknown}
 f - a potion of flight {unknown}
 h - a potion of haste {unknown}
 i - a potion of curing


   Skills:
 + Level 6.9 Fighting
 + Level 2.1 Short Blades
 + Level 2.1 Long Blades
 + Level 5.0 Axes
 + Level 2.1 Maces & Flails
 + Level 2.1 Polearms
 + Level 2.1 Staves
 + Level 2.1 Slings
 + Level 2.1 Bows
 + Level 2.1 Crossbows
 + Level 2.1 Throwing
 + Level 5.0 Armour
 + Level 3.3 Dodging
 + Level 2.1 Stealth
 + Level 2.1 Shields
 + Level 2.1 Unarmed Combat
 + Level 2.1 Spellcasting
 + Level 1.6 Conjurations
 + Level 1.6 Hexes
 + Level 1.6 Summonings
 + Level 1.6 Necromancy
 + Level 1.6 Translocations
 + Level 1.6 Transmutations
 + Level 1.6 Fire Magic
 + Level 1.6 Ice Magic
 + Level 1.6 Air Magic
 + Level 1.6 Earth Magic
 + Level 1.6 Poison Magic
 + Level 5.1 Invocations
 + Level 2.1 Evocations


You had 9 spell levels left.
You didn't know any spells.
Your spell library contained the following spells:

 Spells                   Type           Power      Damage    Failure   Level
 Apportation              Tloc           8%         N/A       100%        1
 Dazzling Flash           Conj/Hex       8%         N/A       100%        3
 Agony                    Necr           4%         N/A       100%        5
 Alistair's Intoxication  Tmut/Pois      2%         N/A       100%        5
 Silence                  Hex/Air        2%         N/A       100%        5
 Invisibility             Hex            2%         N/A       100%        6


Dungeon Overview and Level Annotations

Branches:
Dungeon (4/15)
 Temple: D:4-7

Altars:
Fedhas
Kikubaaqudgha
Makhleb
Qazlal
Ru
Sif Muna
Uskayaw
Vehumet
Xom
Yredelemnul
Zin

Annotations:
D:3 1 runed translucent door, Astera's ghost, amateur PaFi


Innate Abilities, Weirdness & Mutations

You have very sharp teeth.
Your uncanny sense of smell can sniff out nearby items.
Your experience applies equally to all skills.


Message History

The iguana bites you. The scorpion stings you.
Throw: 21 darts (poison)
Press: ? - help, Q - select action, (/) - cycle Shift-Dir - straight line, f/p - scorpion
Aim: a scorpion (heavily wounded, 60% to hit)
You throw a poisoned dart.
The poisoned dart barely misses the scorpion.
You feel very sick.
The scorpion stings you but does no damage.
The iguana bites you.
* * * LOW HITPOINT WARNING * * *
Throw: 20 darts (poison)
Press: ? - help, Q - select action, (/) - cycle Shift-Dir - straight line, f/p - scorpion
Aim: a scorpion (heavily wounded, 60% to hit)
You throw a poisoned dart. The poisoned dart hits the scorpion.
The scorpion is poisoned.
The scorpion is heavily wounded.
You feel sick.
The scorpion stings you but does no damage.
The iguana bites you.
* * * LOW HITPOINT WARNING * * *
The scorpion stings you.
* * * LOW HITPOINT WARNING * * *
You are more poisoned.
The scorpion poisons you!
You feel better. The iguana bites you.
* * * LOW HITPOINT WARNING * * *
The scorpion closely misses you.
Unknown command.
You kill the scorpion!
Lugonu accepts your kill.
There is an open door here.
Throw: 19 darts (poison)
Press: ? - help, Q - select action, (/) - cycle Shift-Dir - straight line, f - iguana
Aim: an iguana (63% to hit)
You throw a poisoned dart. The poisoned dart hits the iguana.
The iguana is poisoned.
The iguana bites you but does no damage.
The iguana hisses menacingly.
The iguana bites you!
You die...

#######
######.....#
#(..('.#.#.#
#.##.#.....#
#.##Z#.#.#.#
#....#...(.#
##+#######Z##
Z5#.....l#.#
#..s#.#..#@#.#
#.. #......#.#
### #......#.#
∆+..#.#..#†#.#
#..#......#.#
#########.#.#
#...# ##.##
#.#


You could see an iguana (poisoned) and an adder skeleton.

Vanquished Creatures
  A scorpion (D:4)
  An orc priest (D:3)
  5 orc wizards
  4 adders
  3 gnolls (D:3)
  2 adder skeletons (D:4)
  3 dart slugs
  13 orcs
  5 ball pythons
  5 bats
  2 endoplasms (D:1)
  2 giant cockroaches
  5 goblins
  11 hobgoblins
  3 jackals (D:3)
  8 kobolds
  3 quokkas
  4 frilled lizards
  5 rats
85 creatures vanquished.

Notes
Turn   | Place    | Note
-------+----------+-------------------------------------------
     0 | Abyss:1  | Gargoyl the Gnoll Abyssal Knight began the quest for the
                  | Orb.
     0 | Abyss:1  | Reached XP level 1. HP: 23/23 MP: 3/3
     3 | Abyss:1  | Found a corrupted altar of Lugonu.
    66 | Abyss:3  | Noticed a tentacled starspawn
    66 | D:1      | Escaped the Abyss
   218 | D:1      | Reached * piety under Lugonu
   247 | D:1      | Reached XP level 2. HP: 20/29 MP: 5/5
  1055 | D:1      | Reached XP level 3. HP: 34/35 MP: 6/6
  1491 | D:1      | Found a faded altar of an unknown god.
  2017 | D:2      | Reached skill level 1 in Short Blades
  2017 | D:2      | Reached skill level 1 in Long Blades
  2017 | D:2      | Reached skill level 1 in Maces & Flails
  2017 | D:2      | Reached skill level 1 in Polearms
  2017 | D:2      | Reached skill level 1 in Staves
  2017 | D:2      | Reached skill level 1 in Slings
  2017 | D:2      | Reached skill level 1 in Bows
  2017 | D:2      | Reached skill level 1 in Crossbows
  2017 | D:2      | Reached skill level 1 in Throwing
  2017 | D:2      | Reached skill level 1 in Stealth
  2017 | D:2      | Reached skill level 1 in Shields
  2017 | D:2      | Reached skill level 1 in Unarmed Combat
  2017 | D:2      | Reached skill level 1 in Spellcasting
  2017 | D:2      | Reached skill level 1 in Evocations
  2017 | D:2      | Reached XP level 4. HP: 23/41 MP: 7/7
  2225 | D:3      | Found a stormy altar of Qazlal.
  2225 | D:3      | Found a hide-covered altar of Uskayaw.
  2227 | D:3      | Reached ** piety under Lugonu
  2270 | D:2      | Reached skill level 1 in Conjurations
  2270 | D:2      | Reached skill level 1 in Hexes
  2270 | D:2      | Reached skill level 1 in Summonings
  2270 | D:2      | Reached skill level 1 in Necromancy
  2270 | D:2      | Reached skill level 1 in Translocations
  2270 | D:2      | Reached skill level 1 in Transmutations
  2270 | D:2      | Reached skill level 1 in Fire Magic
  2270 | D:2      | Reached skill level 1 in Ice Magic
  2270 | D:2      | Reached skill level 1 in Air Magic
  2270 | D:2      | Reached skill level 1 in Earth Magic
  2270 | D:2      | Reached skill level 1 in Poison Magic
  2742 | D:3      | Reached XP level 5. HP: 37/47 MP: 8/8
  3028 | D:3      | Found a runed translucent door.
  3028 | D:3      | Noticed Astera's ghost (amateur PaFi)
  3073 | D:3      | Reached skill level 5 in Invocations
  3084 | D:3      | Reached XP level 6. HP: 24/53 MP: 9/9
  3533 | D:3      | Reached *** piety under Lugonu
  3539 | D:3      | Reached skill level 5 in Axes
  3539 | D:3      | Reached skill level 5 in Armour
  3860 | D:3      | Found a shimmering blue altar of Sif Muna.
  3995 | D:3      | Found a radiant altar of Vehumet.
  3998 | D:3      | Found a basalt altar of Yredelemnul.
  3999 | D:3      | Found a glowing silver altar of Zin.
  3999 | D:3      | Found a shimmering altar of Xom.
  3999 | D:3      | Found a burning altar of Makhleb.
  3999 | D:3      | Found a sacrificial altar of Ru.
  4002 | D:3      | Found a blossoming altar of Fedhas.
  4004 | D:3      | Found an ancient bone altar of Kikubaaqudgha.
  4373 | D:4      | Slain by an iguana

Illustrated notes

Levels and vault maps discovered:
D:1:      dpeg_arrival_morbid_curiosity, layout_basic,
          hellmonk_ecumenical_altar_prayer_group
D:2:      layout_rooms
D:3:      layout_loops_ring, minitemple,
          chequers_temple_overflow_statue_of_worship,
          ebering_ghost_reflecting_pool, chequers_mini_garden,
          kennysheep_big_empty_room, minivault_26, palyth_stone_intersect
D:4:      minmay_clustersquares, layout_basic, serial_shops, nicolae_shop_stone,
          grunt_ministairs_10, chequers_big_river, corexii_shack, uniq_edmund

Skill      XL: |  1  2  3  4  5  6 |
---------------+-------------------+-----
Short Blades   | 1 2 |  2.1
Long Blades    | 1 2 |  2.1
Maces & Flails | 1 2 |  2.1
Polearms       | 1 2 |  2.1
Staves         | 1 2 |  2.1
Slings         | 1 2 |  2.1
Bows           | 1 2 |  2.1
Crossbows      | 1 2 |  2.1
Throwing       | 1 2 |  2.1
Stealth        | 1 2 |  2.1
Shields        | 1 2 |  2.1
Unarmed Combat | 1 2 |  2.1
Spellcasting   | 1 2 |  2.1
Evocations     | 1 2 |  2.1
Conjurations   | 1 |  1.6
Hexes          | 1 |  1.6
Summonings     | 1 |  1.6
Necromancy     | 1 |  1.6
Translocations | 1 |  1.6
Transmutations | 1 |  1.6
Fire Magic     | 1 |  1.6
Ice Magic      | 1 |  1.6
Air Magic      | 1 |  1.6
Earth Magic    | 1 |  1.6
Poison Magic   | 1 |  1.6
Dodging        | 3 |  3.3
Invocations    | 5 |  5.1
Axes           | 5 |  5.0
Armour         | 5 |  5.0
Fighting       | |  6.9

Action                   |  1- 3 |  4- 6 || total
-------------------------+-------+-------++-------
Melee: Hand axe          |   123 |   150 ||   273
       Bite              |    13 |    13 ||    26
Throw: Dart              |       |     4 ||     4
Invok: Depart the Abyss  |     1 |       ||     1
  Use: Scroll            |     6 |     1 ||     7
       Potion            |       |     1 ||     1
Armor: Leather armour    |    17 |       ||    17
       Chain mail        |    39 |   109 ||   148
       Plate armour      |       |    13 ||    13
Dodge: Dodged            |    72 |    75 ||   147

Table legend: (Time is in decaauts)
 A = Elapsed time spent in this place.
 B = Non-inter-level travel time spent in this place.
 C = Inter-level travel time spent in this place.
 D = Time resting spent in this place.
 E = Time spent auto-exploring this place.
 F = Levels seen in this place.
 G = Mean time per level.
                   A        B        C        D        E       F      G
               +--------+--------+--------+--------+--------+-----+--------+
         Total |   4395 |   4238 |    157 |    394 |   3062 |   7 |  627.9 |
       Dungeon |   4330 |   4173 |    157 |    394 |   3043 |   4 | 1082.5 |
         Abyss |     65 |     65 |      0 |      0 |     19 |   3 |   21.7 |
               +--------+--------+--------+--------+--------+-----+--------+

Top non-repeatable levels by time:
     D:3: 1515 daAuts
     D:1: 1455 daAuts
     D:2: 1153 daAuts
     D:4: 205 daAuts
 Abyss:1: 30 daAuts
 Abyss:2: 17 daAuts
 Abyss:3: 17 daAuts
